 Dungeon Crawl Stone Soup version 0.31-a0-7-g51783674b7 (webtiles) character file.

Game seed: 2012145960969671800

51 Barriton the Conjurer (level 3, -2/26 HPs)
             Began as a Draconian Conjurer on May 5, 2023.
             Killed by divine providence
             ... invoked by an orc priest
              (8 damage)
             ... on level 3 of the Dungeon.
             The game lasted 00:02:58 (2109 turns).

Barriton the Conjurer (Draconian Conjurer)          Turns: 2109, Time: 00:02:59

Health: -2/26      AC:  7    Str:  9    XL:     3   Next: 58%
Magic:  4/6        EV: 17    Int: 20    God:
Gold:   114        SH:  0    Dex:  9    Spells: 3/6 levels left

rFire   . . .        (no weapon)
rCold   . . .        (no shield)
rNeg    . . .        (body armour unavailable)
rPois   .            i - +0 hat
rElec   .            h - +1 cloak
rCorr   .            (no gloves)
SInv    .            (no boots)
Will    .....        (no amulet)
Stlth   ++           b - ring of wizardry
HPRegen 0.24/turn    l - +5 ring of evasion
MPRegen 0.10/turn

%: wizardry (x1)
@: no status effects
A: AC +5, unfitting armour, cold-blooded
a: no special abilities


You were on level 3 of the Dungeon.
You visited 1 branch of the dungeon, and saw 3 of its levels.

You collected 114 gold pieces.

Inventory:

Armour
 h - a +1 cloak (worn)
 i - a +0 hat (worn)
Jewellery
 b - a ring of wizardry (left hand)
 l - a +5 ring of evasion (right hand)
 m - a ring of poison resistance
Wands
 n - a wand of mindburst (16)
Scrolls
 f - a scroll of vulnerability {unknown}
Potions
 a - a potion of magic
 c - a potion of degeneration {unknown}
 d - a potion of might {unknown}
 e - a potion of invisibility {unknown}
 g - a potion of lignification {unknown}
 j - a potion of cancellation {unknown}


   Skills:
 + Level 1.9 Dodging
 + Level 2.0 Stealth
 + Level 2.2 Spellcasting
 + Level 5.0 Conjurations


You had 3 spell levels left.
You knew the following spells:

 Your Spells              Type           Power      Damage    Failure   Level
a - Magic Dart            Conj           88%        1d7       1%          1
b - Searing Ray           Conj           44%        2d6       1%          2

Your spell library contained the following spells:

 Spells                   Type           Power      Damage    Failure   Level
 Dazzling Flash           Conj/Hex       24%        N/A       6%          3
 Fulminant Prism          Conj/Hex       6%         3d6       21%         4
 Iskenderun's Mystic Bla  Conj/Tloc      12%        2d5       21%         4


Dungeon Overview and Level Annotations

Branches:
Dungeon (3/15)

Altars:
Vehumet


Innate Abilities, Weirdness & Mutations

Your plain brown scales are hard. (AC +5)
You cannot fit into any form of body armour.
You are cold-blooded and may be slowed by cold attacks.


Message History

The orc is moderately wounded.
You hit the orc but do no damage. The orc barely misses you.
The orc closely misses you.
You completely miss the orc. The orc closely misses you. The orc misses you.
You hit the orc but do no damage. The orc hits you but does no damage. x2
You hit the orc but do no damage. The orc completely misses you.
The orc closely misses you. The orc attacks as you move away!
The orc closely misses you.
The orc priest looks encouraged for a moment.
You hit the orc.
The orc is heavily wounded.
The orc hits you with a +0 mace.
You barely miss the orc. You punch the orc, but do no damage.
The orc is heavily wounded.
You hit the orc.
The orc is lightly wounded.
The orc misses you. The orc barely misses you.
You barely miss the orc.
Your tail-slap misses the orc.
The orc is lightly wounded.
The orc hits you with a +0 mace. The orc hits you but does no damage.
You barely miss the orc.
The orc is lightly wounded.
The orc barely misses you. The orc hits you but does no damage.
The orc closely misses you. The orc attacks as you move away!
The orc misses you. The orc attacks as you move away! The orc misses you.
The orc attacks as you move away! The orc misses you.
The orc attacks as you move away! The orc hits you with a +0 mace!
You barely miss the orc.
The orc is heavily wounded.
The orc hits you with a +0 mace.
You closely miss the orc.
The orc is heavily wounded.
The orc hits you with a +0 mace.
* * * LOW HITPOINT WARNING * * *
You hit the orc. You tail-slap the orc.
You kill the orc!
The orc priest invokes the aid of Beogh against you.
Beogh smites you!
You die...

.. .# #.#######...........##
###.####.# #.# #.#######.....
.........###.# #.# ##..<.
##.......##..# #.# ####.
...o.....##.## #.# #.
#.†gl...##.# ##.# #.
###.######.# ##..# #.
#.g###...l######..############.
#.......gooSo)@................
#####.##########.############..
##..# #.# #.. #..## #.# ###
#.## ##.# ######## #.# #..#
#....... #.# #.## #....### ##.#
#.# #...## ##..# #.# #...#


You could see an orc priest, an adder, 2 orcs, a hobgoblin and a frilled lizard.

Vanquished Creatures
  2 adders
  An orc (D:3)
  4 ball pythons
  2 giant cockroaches (D:3)
  5 goblins
  A hobgoblin (D:3)
  3 jackals (D:2)
  A quokka (D:1)
  5 bats
  3 frilled lizards
  3 kobolds
  5 rats
35 creatures vanquished.

Vanquished Creatures (others)
  8 plants (D:3)
8 creatures vanquished.

Grand Total: 43 creatures vanquished

Notes
Turn   | Place    | Note
-------+----------+-------------------------------------------
     0 | D:1      | Barriton the Draconian Conjurer began the quest for the
                  | Orb.
     0 | D:1      | Reached XP level 1. HP: 14/14 MP: 3/3
   306 | D:1      | Reached XP level 2. HP: 20/20 MP: 3/5
   875 | D:2      | Learned a level 2 spell: Searing Ray
  1321 | D:2      | Reached XP level 3. HP: 26/26 MP: 1/6
  1423 | D:2      | Found a radiant altar of Vehumet.
  2072 | D:3      | Reached skill level 5 in Conjurations
  2109 | D:3      | Killed from afar by an orc priest

Illustrated notes

Levels and vault maps discovered:
D:1:      wheals_arrival_shading, layout_loops_cross
D:2:      layout_loops_ring, basic_altar, hangedman_decor_push
D:3:      layout_rooms, lemuel_tele_altar, serial_bayou_pond_c

Skill      XL: |  1  2  3 |
---------------+----------+-----
Conjurations   | 5 |  5.0
Stealth        | 2 |  2.0
Dodging        | |  1.9
Spellcasting   | |  2.2

Action                     || total
---------------------------++-------
  Melee: Unarmed           ||    42
         Tailslap          ||     5
         Punch             ||     1
   Cast: Magic Dart        ||    54
    Use: Scroll            ||     7
 Armour: Skin              ||    18
  Dodge: Dodged            ||    49

Table legend: (Time is in decaauts)
 A = Elapsed time spent in this place.
 B = Non-inter-level travel time spent in this place.
 C = Inter-level travel time spent in this place.
 D = Time resting spent in this place.
 E = Time spent auto-exploring this place.
 F = Levels seen in this place.
 G = Mean time per level.
                   A        B        C        D        E       F      G
               +--------+--------+--------+--------+--------+-----+--------+
         Total |   2107 |   2008 |     99 |      0 |   1789 |   3 |  702.3 |
       Dungeon |   2107 |   2008 |     99 |      0 |   1789 |   3 |  702.3 |
               +--------+--------+--------+--------+--------+-----+--------+

Top non-repeatable levels by time:
     D:2: 883 daAuts
     D:1: 862 daAuts
     D:3: 361 daAuts
